 Dungeon Crawl Stone Soup version 0.23-a0-54-gae6112e (webtiles) character file.

11 Amnesiac the Conjurer (level 2, 0/19 HPs)
             Began as a Mummy Conjurer on Aug 8, 2018.
             Slain by an adder (2 damage)
             ... on level 2 of the Dungeon.
             The game lasted 00:01:25 (454 turns).

Amnesiac the Conjurer (Mummy Conjurer)               Turns: 454, Time: 00:01:26

Health: 0/19       AC:  2    Str: 11    XL:     2   Next: 13%
Magic:  0/6        EV: 12    Int: 14    God:
Gold:   19         SH:  0    Dex: 12    Spells: 4/7 levels left

rFire    x . .     SeeInvis .   (no weapon)
rCold    + . .     Gourm    .   (no shield)
rNeg     + + +     Faith    .   a - +0 robe
rPois    ∞         Spirit   .   (no helmet)
rElec    .         Reflect  .   (no cloak)
rCorr    .         Harm     .   (no gloves)
MR       .....                  (no boots)
Stlth    ++........             (no amulet)
HPRegen  0.06/turn              (no ring)
MPRegen  0.10/turn              (no ring)

@: no status effects
A: no food or potions, fire vulnerability, cold resistance 1, negative energy
resistance 3, torment resistance, unbreathing
a: no special abilities


You were on level 2 of the Dungeon.
You were not hungry.

You visited 1 branch of the dungeon, and saw 2 of its levels.

You collected 19 gold pieces.

Inventory:

Armour
 a - a +0 robe (worn)
Scrolls
 b - a scroll of amnesia {!r, unknown}


   Skills:
 - Level 1.5 Dodging
 - Level 1.5 Stealth
 + Level 3.3 Spellcasting
 * Level 3.4 Conjurations


You had 4 spell levels left.
You knew the following spells:

 Your Spells              Type           Power        Failure   Level  Hunger
a - Magic Dart            Conj           ##..         4%          1    N/A
d - Searing Ray           Conj           ##....       8%          2    N/A

Your spell library contained the following spells:

 Spells                   Type           Power        Failure   Level  Hunger
 Iskenderun's Mystic Bla  Conj           ##......     45%         4    N/A
 Fulminant Prism          Conj/Hex       #.........   71%         4    N/A
 Dazzling Spray           Conj/Hex       #.....       30%         3    N/A
 Force Lance              Conj/Tloc      #.......     71%         4    N/A

Dungeon Overview and Level Annotations

Branches:
Dungeon (2/15)

Altars:

Annotations:
D:1 exclusion: jackal


Innate Abilities, Weirdness & Mutations

You do not eat or drink.
Your flesh is vulnerable to fire.
You are immune to poison.
Your flesh is cold resistant. (rC+)
You are immune to negative energy. (rN+++)
You are immune to unholy pain and torment.
You can survive without breathing.


Message History

* * * LOW HITPOINT WARNING * * *
Casting: Magic Dart (safe; 4% risk of failure)
Confirm with . or Enter, or press ? or * to list all spells.
You don't have enough magic to cast that spell.
Casting: Magic Dart (safe; 4% risk of failure)
Confirm with . or Enter, or press ? or * to list all spells.
You don't have enough magic to cast that spell.
The adder barely misses you.
Casting: Magic Dart (safe; 4% risk of failure)
Confirm with . or Enter, or press ? or * to list all spells.
Aiming: Magic Dart (safe; 4% risk of failure)
Press: ? - help, Shift-Dir - straight line, f/p - adder
Aim: an adder (severely wounded)
The magic dart hits the adder.
The adder is almost dead.
The adder bites you.
* * * LOW HITPOINT WARNING * * *
Casting: Magic Dart (safe; 4% risk of failure)
Confirm with . or Enter, or press ? or * to list all spells.
You don't have enough magic to cast that spell.
You aren't carrying any items that you can evoke.
The adder barely misses you.
Unknown command.
Unknown command.
Unknown command.
The adder closely misses you.
Unknown command.
Unknown command.
Unknown command.
The adder closely misses you.
Unknown command.
Casting: Magic Dart (safe; 4% risk of failure)
Confirm with . or Enter, or press ? or * to list all spells.
Aiming: Magic Dart (safe; 4% risk of failure)
Press: ? - help, Shift-Dir - straight line, f/p - adder
Aim: an adder (severely wounded)
The magic dart hits the adder.
The adder is almost dead.
The adder misses you.
Unknown command.
Unknown command.
Unknown command.
The adder barely misses you.
Unknown command.
The adder misses you.
Unknown command.
The bat hits you but does no damage. The bat completely misses you.
The bat misses you. The bat hits you but does no damage.
The bat hits you but does no damage. The bat closely misses you.
The bat closely misses you. The bat hits you but does no damage.
The bat hits you but does no damage. The bat hits you.
* * * LOW HITPOINT WARNING * * *
Casting: Magic Dart (safe; 4% risk of failure)
Confirm with . or Enter, or press ? or * to list all spells.
Aiming: Magic Dart (safe; 4% risk of failure)
Press: ? - help, Shift-Dir - straight line, f/p - adder
Aim: an adder (almost dead)
The magic dart hits the adder.
The adder is almost dead.
The adder bites you.
You die...

#.##.# #.# .#.#... #.##.#
#.###.$....
#.##.###.....[<##.###.#
#.##................#.#
#.######.##.####..#.#.# .
#.## #.##.# .......#####.
#..# #.##.###.....>. #....
##.# #.##.##....... ....#
#.# #.##@##.#.##.# #.#..
#.# #.##S##.#.##.# #.#.#
#.# #...b...#.##.# #.#.#
#.# #..###..#.##.####.#.#
#.# #..# #..............#
#.# #..###....##.........
#.######...................
#...h(..<..##...........###
#######################.#


You could see an adder and a bat.

Vanquished Creatures
  A giant cockroach (D:1)
  A hobgoblin (D:1)
  3 jackals (D:2)
  A quokka (D:2)
  3 bats
  A rat (D:2)
10 creatures vanquished.

Notes
Turn   | Place    | Note
-------+----------+-------------------------------------------
     0 | D:1      | Amnesiac the Mummy Conjurer began the quest for the Orb.
     0 | D:1      | Reached XP level 1. HP: 13/13 MP: 4/4
   360 | D:2      | Reached XP level 2. HP: 19/19 MP: 1/6
   401 | D:2      | Learned a level 2 spell: Searing Ray
   454 | D:2      | Slain by an adder

Vault maps used:
D:1:      ebering_trefoil_3fold, hangedman_decor_diamond_cutter
D:2:      minmay_wonky_spiral, first_ration

Skill      XL: |  1 |
---------------+----+-----
Spellcasting   | 3 |  3.3
Dodging        | |  1.5
Stealth        | |  1.5
Conjurations   | |  3.4

Action                   || total
-------------------------++-------
Melee: Unarmed           ||     5
 Cast: Magic Dart        ||    23
       Searing Ray       ||     1
Armor: Robe              ||    28
Dodge: Dodged            ||    61

Table legend:
 A = Spawn XP
 B = Non-spawn XP
 C = Spawn XP percentage of total XP
 D = Spawn monster count
 E = Non-spawn monster count
 F = Spawn count percentage of total count
 G = Total turns spent on level
                    A         B        C        D         E        F      G
               +---------+---------+-------+---------+---------+-------+---------
         Total |       0 |      16 |   0.0 |       0 |      10 |   0.0 |   454
               +---------+---------+-------+---------+---------+-------+---------
           D:1 |       0 |       5 |   0.0 |       0 |       3 |   0.0 |    73
           D:2 |       0 |      11 |   0.0 |       0 |       7 |   0.0 |   381
               +---------+---------+-------+---------+---------+-------+---------
